Description

Welcome in this tutorial about playing against a very aggressive terran (in French). After watching this guide, you will know how to play against this kind of player without a lot of micro. The build order that is used id dedicated to Protoss vs terran. This tutorial explain you each step and each reaction that you can use to hold things like : fast banshee, tank marines all-in, scv pull etc...

Few tips : - Open with gate expand - Don't underestimate recall to save units - Play with fast robotic - Be ready for drops - Goal : 3 Colossie then switch to zealots, immortels, archons - Double forge as soon as you counter a big push - If you have not enough mana on High templar when a big attack come : Make some archons - Battery shields is a must have against every all-ins

VOD

https://youtu.be/0Qt8-2ynOf8

Replay - 16-Bit LE (8)

Build Order

Get SALT Encoding   

  12  0:01  Probe  
  13  0:13  Probe  
  14  0:19  Pylon  
  14  0:22  Probe  
  15  0:33  Probe  
  15  0:40  Gateway  
  16  0:44  Probe  
  17  0:55  Probe  
  18  1:03  Probe  
  18  1:04  Assimilator  
  18  1:11  Probe  
  20  1:28  Nexus  
  20  1:40  Cybernetics Core  
  20  1:44  Probe  
  21  1:49  Assimilator  
  21  1:56  Probe  
  22  2:03  Pylon  
  23  2:11  Stalker  
  23  2:19  Warp Gate  
  27  2:41  Stalker  
  32  3:09  Robotics Facility  
  35  3:22  Pylon  
  36  3:32  Gateway  
  38  3:45  Gateway  
  40  3:51  Immortal  
  41  3:57  Shield Battery  
  46  4:08  Robotics Bay  
  47  4:24  Assimilator x2  
  49  4:26  Observer  
  49  4:32  Pylon  
  49  4:35  Stalker  
  50  4:48  Colossus  
  53  5:07  Stalker  
  55  5:20  Gravitic Drive  
  59  5:41  Observer  
  62  5:56  Observer  
  62  6:07  Pylon  
  62  6:23  Warp Prism  
  63  6:29  Stalker x3  
  64  6:50  Colossus  
  72  7:08  Nexus  
  74  7:10  Forge x2  
  74  7:12  Stalker x2  
  78  7:19  Extended Thermal Lance  
  82  7:43  Protoss Ground Weapons Level 1, Protoss Ground Armor Level 1  
  84  7:51  Colossus  
  91  8:09  Photon Cannon x2  
  91  8:16  Gateway x2  
  92  8:21  Photon Cannon  
  96  8:37  Twilight Council, Zealot  
  97  8:43  Zealot x2  
  101  8:52  Shield Battery  
  101  8:53  Immortal  
  103  9:05  Zealot x2  
  110  9:13  Templar Archives  
  110  9:18  Shield Battery  
  110  9:20  Zealot x2  
  110  9:23  Protoss Ground Armor Level 2  
  119  9:33  Protoss Ground Weapons Level 2  
  120  9:45  Zealot  
  124  9:50  Photon Cannon x2  
  124  9:55  Photon Cannon  
  124  9:57  Psionic Storm  
Spawning Tool Build Advisor. Get it on Overwolf

Go to:

Details

  • Created by: zuka      
  • Published on: Jun 30, 2018
  • Modified on: Jun 30, 2018
  • Patch: 4.0.0
Show
View Real Time Build Order
Export as new Build Order

Comments (0)

There are no comments. Be the first!

Create an account to comment!